 Dungeon Crawl Stone Soup version 0.27-a0-1084-g78b3836a5f (webtiles) character file.

Game seed: 6561109802291374286

54 tsouns the Shield-Bearer (level 3, -4/29 HPs)
             Began as a Demonspawn Fighter on Apr 26, 2021.
             Was a Follower of Trog.
             Slain by a gnoll
             ... wielding a +0 spear
              (8 damage)
             ... while paralysed
             ... on level 3 of the Dungeon.
             The game lasted 00:01:46 (1694 turns).

tsouns the Shield-Bearer (Demonspawn Fighter)       Turns: 1694, Time: 00:01:47

Health: -4/29      AC:  6    Str: 16    XL:     3   Next: 66%
Magic:  3/3        EV:  2    Int: 18    God:    Trog [*.....]
Gold:   98         SH:  0    Dex: 12    Spells: 2/2 levels left

rFire    . . .     SeeInvis .   a - +0 war axe
rCold    . . .     Faith    .   c - +0 kite shield
rNeg     . . .     Spirit   .   b - +0 scale mail
rPois    .         Reflect  .   (no helmet)
rElec    .         Harm     .   (no cloak)
rCorr    .         Rampage  .   (no gloves)
Will     .....                  (no boots)
Stlth    ..........             (no amulet)
HPRegen  0.09/turn              h - +6 ring of intelligence
MPRegen  0.08/turn              (no ring)

@: paralysed, on berserk cooldown, slowed
A: big brain 1, condensation shield
a: Renounce Religion, Berserk


You were on level 3 of the Dungeon.
You worshipped Trog.
Trog was aware of your devotion.
You visited 1 branch of the dungeon, and saw 3 of its levels.

You collected 98 gold pieces.

Inventory:

Hand Weapons
 a - a +0 war axe (weapon)
Armour
 b - a +0 scale mail (worn)
 c - a +0 kite shield (worn)
Jewellery
 h - a +6 ring of intelligence (left hand)
Scrolls
 e - a scroll of vulnerability {unknown}
 g - a scroll of immolation {unknown}
 j - a scroll of identify {unknown}
 k - 2 scrolls of enchant weapon {unknown}
 l - a scroll of fog {unknown}
Potions
 d - a potion of might
 f - a potion of ambrosia {unknown}
 i - 3 potions of flight {unknown}
 m - a potion of degeneration {unknown}
 n - a potion of haste {unknown}


   Skills:
 - Level 3.0 Fighting
 + Level 2.8 Axes
 - Level 2.6 Armour
 + Level 3.5 Shields


You had 2 spell levels left.
You didn't know any spells.
Your spell library contained the following spells:

 Spells                   Type           Power      Damage    Failure   Level
 Confusing Touch          Hex            0%         N/A       100%        3
 Gell's Gravitas          Tloc           0%         N/A       100%        3
 Petrify                  Tmut/Erth      0%         N/A       100%        4
 Metabolic Englaciation   Hex/Ice        0%         N/A       100%        5
 Yara's Violent Unravell  Hex/Tmut       0%         3d3       100%        5


Dungeon Overview and Level Annotations

Branches:
Dungeon (3/15)

Altars:
Trog


Innate Abilities, Weirdness & Mutations

You have an unusually large brain. (Int +2)
A meltable shield of frost defends you. (SH +4)


Message History

You are too injured to fight recklessly!
You are too injured to fight recklessly!
You are too injured to fight recklessly!
You are too injured to fight recklessly!
You are too injured to fight recklessly!
You are too injured to fight recklessly!
You are too injured to fight recklessly!
You are too injured to fight recklessly!
You are too injured to fight recklessly!
You are too injured to fight recklessly!
You are too injured to fight recklessly!
You are too injured to fight recklessly!
You block the gnoll's attack.
A red film seems to cover your vision as you go berserk!
You feel yourself moving faster!
You feel mighty! You block the gnoll's attack.
You feel a strong urge to attack something.
You block the gnoll's attack. x2
You hit the gnoll.
The gnoll is severely wounded.
The gnoll hits you with a +0 spear. You block the gnoll's attack.
You slash the gnoll!
You kill the gnoll!
Trog accepts your kill. You block the gnoll's attack.
The gnoll hits you with a +0 spear.
Things that are here:
a +0 spear; a gnoll corpse You barely miss the gnoll.
You block the gnoll's attack.
You slash the gnoll!
The gnoll is severely wounded.
You block the gnoll's attack.
You slash the gnoll!
You kill the gnoll!
Trog accepts your kill.
You are no longer berserk.
You pass out from exhaustion.
You feel yourself slow down. The gnoll hits you with a +0 whip.
* * * LOW HITPOINT WARNING * * *
The gnoll hits you from afar with a +0 spear!
You die...

########...#
#....gg.g.#
#.######### #.#
#.# #.# #g# #g#
#@# #)# #.#
#.###.#####
#.........#####
#####.........#
#####.###.#
##.###.#
##...##.#


You could see 2 gnolls.

Vanquished Creatures
  2 gnolls (D:3)
  2 orcs (D:3)
  2 ball pythons
  5 bats
  4 endoplasms (D:2)
  A giant cockroach (D:1)
  3 hobgoblins (D:2)
  3 jackals (D:1)
  A quokka (D:1)
  3 frilled lizards
  3 kobolds
  2 rats (D:1)
31 creatures vanquished.

Notes
Turn   | Place    | Note
-------+----------+-------------------------------------------
     0 | D:1      | tsouns the Demonspawn Fighter began the quest for the Orb.
     0 | D:1      | Reached XP level 1. HP: 18/18 MP: 1/1
   204 | D:1      | Gained mutation: You have an unusually large brain. (Int
                  | +2) [demonic ancestry]
   204 | D:1      | Reached XP level 2. HP: 24/24 MP: 2/2
   959 | D:2      | Found a faded altar of an unknown god.
  1063 | D:2      | Became a worshipper of Trog the Wrathful
  1063 | D:2      | Reached * piety under Trog
  1455 | D:3      | Gained mutation: A meltable shield of frost defends you.
                  | (SH +4) [demonic ancestry]
  1455 | D:3      | Reached XP level 3. HP: 29/29 MP: 3/3
  1694 | D:3      | Slain by a gnoll

Illustrated notes

Levels and vault maps discovered:
D:1:      wander_arrival_estate, layout_rooms
D:2:      layout_basic, basic_ecumenical_altar, dk_noncrumbling_3,
          minmay_fountain_box
D:3:      layout_loops_ring, kennysheep_generic_room_10

Skill      XL: |  1  2 |
---------------+-------+-----
Axes           | 2 |  2.8
Shields        | 3 |  3.5
Fighting       | |  3.0
Armour         | |  2.6

Action                   || total
-------------------------++-------
Melee: War axe           ||    77
Invok: Berserk           ||     1
Armor: Scale mail        ||    33
Dodge: Dodged            ||    21
Block: Kite shield       ||    60

Table legend: (Time is in decaauts)
 A = Elapsed time spent in this place.
 B = Non-inter-level travel time spent in this place.
 C = Inter-level travel time spent in this place.
 D = Time resting spent in this place.
 E = Time spent auto-exploring this place.
 F = Levels seen in this place.
 G = Mean time per level.
                   A        B        C        D        E       F      G
               +--------+--------+--------+--------+--------+-----+--------+
         Total |   1737 |   1621 |    116 |      0 |   1374 |   3 |  579.0 |
       Dungeon |   1737 |   1621 |    116 |      0 |   1374 |   3 |  579.0 |
               +--------+--------+--------+--------+--------+-----+--------+

Top non-repeatable levels by time:
     D:2: 1020 daAuts
     D:1: 463 daAuts
     D:3: 253 daAuts
